Unix NetHack Version 3.7.0-59 Work-in-progress - last build Jun 2 2022 13:58:18 (05420cef104f2102be295c3e72b2481733d3ab8f,branch:master). Game began 2022-06-01 13:34:59, ended 2022-06-03 01:29:17. dwt136, lawful female dwarven Valkyrie --------------- ------ |.............| |....-# |...........^.| |..*.|## #...%........<.| -------------- ##..S.k|## ###--------------- |.............# # |.S@.| ## # |...>........|# # |.SSS-%### ### |.............######## ------##### ) ---|---------- ##### ####### ## # #### # ### ### # ## -----### -------- ## ## |>...#### ------------- |......| --------|--- # |...| ### |...........| ##.......| |.........[| # |...|#####............| # |......| |((((...((.| #####-...| ##|.....)......######0......| |((((((..((| ----- ##............| |......| ------------ #|...........| |(.....| ------------- -------- Dwt136 the Fighter St:11 Dx:16 Co:17 In:9 Wi:8 Ch:8 Lawful Dlvl:2 $:23 HP:0(64) Pw:7(7) AC:-1 Xp:6/442 T:4076 Hungry Burdened Latest messages: The giant bat misses! You hit the giant bat. The giant bat misses! The giant bat bites! The fox misses! The fox just misses! The fox bites! The fox misses! You kill the fox! There is an open door here. You see here a dark green potion. The giant bat bites! The giant bat misses! The giant bat bites! You hit the giant bat. The giant bat bites! You kill the giant bat! You have a little trouble lifting R - a dark green potion. You stop waiting. You hit the kobold mummy. The kobold mummy hits! You miss the kobold mummy. The kobold mummy hits! You hit the kobold mummy. You miss the kobold mummy. The kobold mummy hits! You miss the kobold mummy. # What do you want to write with? [- abefmpxz or ?*] You write in the dust with your fingertip. The kobold mummy turns to flee. # What do you want to dip? [a-cefijlmo-ru-xzA-FHL-R or ?*] Dip a thoroughly rusty +1 long sword (weapon in hand) into the fountain? [yn] (n) An endless stream of snakes pours forth! You are beginning to feel hungry. # What do you want to dip? [a-cefijlmo-ru-xzA-FHL-R or ?*] Dip a thoroughly rusty +1 long sword (weapon in hand) into the fountain? [yn] (n) The water moccasin bites! The water moccasin bites! The water moccasin bites! The water moccasin bites! The water moccasin bites! You die... Do you want your possessions identified? [ynq] (y) Do you want to see your attributes? [ynq] (y) Do you want an account of creatures vanquished? [ynaq] (y) Do you want to see your conduct and achievements? [ynq] (y) Do you want to see the dungeon overview? [ynq] (y) Major events: Turn 1: dwt136 the lawful dwarven Valkyrie entered the dungeon 681: entered the Gnomish Mines 1223: attained the rank of Skirmisher (level 3) 2830: reached Mine Town 3318: attained the rank of Fighter (level 6) 4076: killed by a water moccasin Inventory: Coins $ - 23 gold pieces Weapons b - a +0 dagger (alternate weapon; not wielded) z - 10 +0 daggers a - a thoroughly rusty +1 long sword (weapon in hand) Armor Q - an uncursed +0 orcish helm c - an uncursed +3 small shield (being worn) i - a blessed rusty +1 plate mail (being worn) Comestibles M - an uncursed food ration B - a cursed tripe ration C - a cursed homemade tin of acid blob P - 2 uncursed lichen corpses Scrolls j - an uncursed scroll of blank paper E - a blessed scroll of confuse monster H - an uncursed scroll of create monster D - an uncursed scroll of enchant armor F - an uncursed scroll of light Potions O - an uncursed potion of extra healing N - an uncursed potion of gain energy v - an uncursed potion of hallucination l - an uncursed potion of invisibility L - a cursed potion of levitation R - an uncursed potion of oil u - an uncursed potion of restore ability w - an uncursed potion of speed Rings f - a cursed ring of stealth Wands e - a wand of cancellation (0:7) x - a wand of light (0:0) Tools r - a can of grease (0:5) A - an uncursed magic lamp o - a cursed magic lamp p - a magic marker (0:64) q - an uncursed skeleton key Gems/Stones m - an uncursed flint stone Dwt136 the Valkyrie's attributes: Background: You were a Fighter, a level 6 dwarven Valkyrie. You were lawful, nominally on a mission for Tyr who was opposed by Odin (neutral) and Loki (chaotic). You were in the Dungeons of Doom, on level 2. You entered the dungeon 4076 turns ago. It was nighttime. You had 442 experience points, 198 more were needed to attain level 7. Basics: You had 0 out of 64 hit points. You had all 7 energy points (spell power). Your armor class was -1. Your wallet contained 23 zorkmids. Autopickup was on for '$' plus thrown. Final Characteristics: Your strength was 11 (peak:17, limit:18/100). Your dexterity was 16 (limit:20). Your constitution was 17 (limit:20). Your intelligence was 9 (limit:16). Your wisdom was 8 (limit:16). Your charisma was 8 (limit:16). Final Status: You were hungry. You were burdened; movement was slightly slowed. You were wielding a long sword. You had basic skill with long sword and could have enhanced that. Final Attributes: You were piously aligned. You were cold resistant. You had infravision. You were stealthy. You were guarded. You are dead. Miscellaneous: You never encountered a bones level. Total elapsed playing time was 32 minutes and 44 seconds. Vanquished creatures: a dingo a blue jelly 2 ponies a fog cloud 5 gnome leaders a gnomish wizard a gray ooze 2 floating eyes a kobold shaman 3 rothes a giant bat 3 orc zombies 2 dwarf zombies 2 iguanas 9 killer bees 2 acid blobs a gas spore a hobbit a large kobold a hobgoblin a giant rat a brown mold a green mold 26 gnomes 2 garter snakes 5 geckos 6 jackals 2 foxes 2 goblins a sewer rat 6 grid bugs 2 bats 6 lichens 11 newts 113 creatures vanquished. No species were genocided or became extinct. Voluntary challenges: You were an atheist. You read items or engraved 4 times. You engraved Elbereth 1 time. You never genocided any monsters. You never polymorphed an object. You never changed form. You used no wishes. Achievements: You entered the Gnomish Mines. You entered a shop. You attained the rank of Skirmisher. You entered Minetown. You attained the rank of Fighter. The Dungeons of Doom: levels 1 to 3 Level 1: Level 2: <- You were here. A shop, a fountain. Stairs down to The Gnomish Mines. Final resting place for you, killed by a water moccasin. Level 3: The Gnomish Mines: levels 3 to 8 Level 3: Level 4: Level 5: Level 6: A delicatessen, some fountains. Level 7: Level 8: Game over: ---------- / \ / REST \ / IN \ / PEACE \ / \ | dwt136 | | 23 Au | | killed by a | | water moccasin | | | | | | 2022 | *| * * * | * _________)/\\_//(\/(/\)/\//\/|_)_______ Farvel dwt136 the Valkyrie... You died in The Dungeons of Doom on dungeon level 2 with 2149 points, and 23 pieces of gold, after 4076 moves. You were level 6 with a maximum of 64 hit points when you died.